PAAA
GRYFINDOR BRAVES @ ROYSE CITY TARGARYENS
08/10/2029
 
TOP OF THE 1ST
Gryfindor Braves batting - Pitching for Royse City Targaryens : LHP Stanford McCain
Pitching: LHP Stanford McCain
Batting: RHB Ernesto Souza 0-0: Ball
1-0: Foul Ball, location: 2F
1-1: Ground out 6-3 (Groundball, 56)
Batting: RHB Roy Herring 0-0: Fly out, F4 (Popup, 4MS)
Batting: RHB Paul Penrice 0-0: Called Strike
0-1: Foul Ball, location: 2F
0-2: Strikes out looking
Top of the 1st over - 0 runs, 0 hits, 0 errors, 0 left on base; Gryfindor 0 - Royse City 0
BOTTOM OF THE 1ST
Royse City Targaryens batting - Pitching for Gryfindor Braves : RHP Juan Contreras
Pitching: RHP Juan Contreras
Batting: RHB Albert Covington 0-0: Ball
1-0: Bunt missed!
1-1: Ball
2-1: Swinging Strike
2-2: Fly out, F8 (Flyball, 8LS)
Batting: LHB Jeff Lawson 0-0: Ball
1-0: Ball
2-0: Called Strike
2-1: SINGLE (Groundball, 4MD)
Batting: LHB Ashley Thachi 0-0: Ball
1-0: Called Strike
Jeff Lawson steals 2nd base
1-1: SINGLE (Groundball, 4D)
Jeff Lawson to third
Runner from 3rd tries for Home, SAFE, no throw
Batting: LHB Gonzalo Álvarez 0-0: Foul Ball, location: 2F
0-1: Foul Ball, location: 2F
0-2: Ball
1-2: Fly out, F8 (Flyball, 8LM)
Batting: RHB Fokke Willemsen 0-0: Called Strike
0-1: Foul Ball, location: 2F
0-2: Ground out 5-3 (Groundball, 56S)
Bottom of the 1st over - 1 run, 2 hits, 0 errors, 1 left on base; Gryfindor 0 - Royse City 1
TOP OF THE 2ND
Gryfindor Braves batting - Pitching for Royse City Targaryens : LHP Stanford McCain
Batting: LHB Micheal Garren 0-0: Ball
1-0: Ground out 6-3 (Groundball, 6M)
Batting: RHB Jeff Green 0-0: Ball
1-0: Foul Ball, location: 2F
1-1: Ground out 6-3 (Groundball, 56)
Batting: RHB Raúl Reyna 0-0: Ball
1-0: Swinging Strike
1-1: Called Strike
1-2: Foul Ball, location: 2F
1-2: Strikes out looking
Top of the 2nd over - 0 runs, 0 hits, 0 errors, 0 left on base; Gryfindor 0 - Royse City 1
BOTTOM OF THE 2ND
Royse City Targaryens batting - Pitching for Gryfindor Braves : RHP Juan Contreras
Batting: LHB Terrence Eler 0-0: Ball
1-0: Foul Ball, location: 2F
1-1: Ball
2-1: Ball
3-1: Called Strike
3-2: Base on Balls
Batting: RHB Bryant Skelly 0-0: Ball
1-0: Called Strike
1-1: Ball
2-1: Swinging Strike
2-2: Ball
3-2: Base on Balls
Terrence Eler to second
Batting: SHB Corey Neace 0-0: Foul Ball, location: 2F
0-1: Ball
1-1: Called Strike
1-2: Ball
2-2: Strikes out swinging
Batting: RHB Diego Bonilla 0-0: Ball
1-0: Ball
2-0: Called Strike
2-1: Swinging Strike
2-2: Strikes out swinging
Batting: RHB Albert Covington 0-0: Ball
Wild Pitch!
Terrence Eler to third
Bryant Skelly to second
1-0: Swinging Strike
1-1: Called Strike
1-2: Ball
2-2: Strikes out swinging
Bottom of the 2nd over - 0 runs, 0 hits, 0 errors, 2 left on base; Gryfindor 0 - Royse City 1
TOP OF THE 3RD
Gryfindor Braves batting - Pitching for Royse City Targaryens : LHP Stanford McCain
Batting: RHB Rafael Durango 0-0: Ball
1-0: Foul Ball, location: 2F
1-1: Fly out, F7 (Line Drive, 78S)
Batting: LHB Ignacio Medine 0-0: Called Strike
0-1: Called Strike
0-2: Strikes out swinging
Batting: LHB Ken Watanabe 0-0: Foul Ball, location: 2F
0-1: SINGLE (Line Drive, 34)
Batting: RHB Ernesto Souza 0-0: Reached on error, E5 (Groundball, 5S)
Ken Watanabe to second
Batting: RHB Roy Herring 0-0: Called Strike
0-1: Swinging Strike
0-2: Foul Ball, location: 2F
0-2: Ground out U3 (Groundball, 34)
Top of the 3rd over - 0 runs, 1 hit, 1 error, 2 left on base; Gryfindor 0 - Royse City 1
BOTTOM OF THE 3RD
Royse City Targaryens batting - Pitching for Gryfindor Braves : RHP Juan Contreras
Batting: LHB Jeff Lawson 0-0: Called Strike
0-1: Swinging Strike
0-2: Strikes out swinging
Batting: LHB Ashley Thachi 0-0: Foul Ball, location: 2F
0-1: Ball
1-1: Ball
2-1: Ball
3-1: Ground out 4-3 (Groundball, 4M)
Batting: LHB Gonzalo Álvarez 0-0: Fly out, F9 (Line Drive, 9LM)
Bottom of the 3rd over - 0 runs, 0 hits, 0 errors, 0 left on base; Gryfindor 0 - Royse City 1
TOP OF THE 4TH
Gryfindor Braves batting - Pitching for Royse City Targaryens : LHP Stanford McCain
Batting: RHB Paul Penrice 0-0: Called Strike
0-1: Ball
1-1: Ball
2-1: Ball
3-1: Foul Ball, location: 2F
3-2: Fly out, F8 (Flyball, 78M)
Batting: LHB Micheal Garren 0-0: Called Strike
0-1: Ground out 4-3 (Groundball, 4D)
Batting: RHB Jeff Green 0-0: Ball
1-0: Foul Ball, location: 2F
1-1: Ball
2-1: Ground out 4-3 (Groundball, 4)
Top of the 4th over - 0 runs, 0 hits, 0 errors, 0 left on base; Gryfindor 0 - Royse City 1
BOTTOM OF THE 4TH
Royse City Targaryens batting - Pitching for Gryfindor Braves : RHP Juan Contreras
Batting: RHB Fokke Willemsen 0-0: Fly out, F7 (Flyball, 78XD)
Batting: LHB Terrence Eler 0-0: Hit by Pitch
Batting: RHB Bryant Skelly 0-0: Called Strike
0-1: Swinging Strike
0-2: Strikes out swinging
Batting: SHB Corey Neace 0-0: Foul Ball, location: 2F
0-1: Ground out 4-3 (Groundball, 4)
Bottom of the 4th over - 0 runs, 0 hits, 0 errors, 1 left on base; Gryfindor 0 - Royse City 1
TOP OF THE 5TH
Gryfindor Braves batting - Pitching for Royse City Targaryens : LHP Stanford McCain
Batting: RHB Raúl Reyna 0-0: Ground out 6-3 (Groundball, 6M)
Batting: RHB Rafael Durango 0-0: Ball
1-0: Ball
2-0: Foul Ball, location: 2F
2-1: Ball
3-1: Called Strike
3-2: Foul Ball, location: 2F
3-2: Foul Ball, location: 2F
3-2: Foul Ball, location: 2F
3-2: Base on Balls
Batting: LHB Ignacio Medine 0-0: Swinging Strike
0-1: Foul Ball, location: 2F
0-2: Foul Ball, location: 2F
0-2: Ball
1-2: Strikes out swinging
Batting: LHB Ken Watanabe 0-0: Called Strike
0-1: Ball
1-1: Called Strike
1-2: Ball
2-2: Foul Ball, location: 2F
2-2: Ball
3-2: Strikes out swinging
Top of the 5th over - 0 runs, 0 hits, 0 errors, 1 left on base; Gryfindor 0 - Royse City 1
BOTTOM OF THE 5TH
Royse City Targaryens batting - Pitching for Gryfindor Braves : RHP Juan Contreras
Batting: RHB Diego Bonilla 0-0: Ball
1-0: Called Strike
1-1: SINGLE (Flyball, 8LS)
Batting: RHB Albert Covington 0-0: Sac Bunt - play at first, batter OUT! 1-3
Diego Bonilla to second
Batting: LHB Jeff Lawson 0-0: Called Strike
0-1: Ball
1-1: Ground out U3 (Groundball, 3)
Diego Bonilla to third
Batting: LHB Ashley Thachi 0-0: Ball
1-0: Ball
2-0: Ground out 3-1 (Groundball, 34D)
Bottom of the 5th over - 0 runs, 1 hit, 0 errors, 1 left on base; Gryfindor 0 - Royse City 1
TOP OF THE 6TH
Gryfindor Braves batting - Pitching for Royse City Targaryens : LHP Stanford McCain
Batting: RHB Ernesto Souza 0-0: Ball
1-0: Ball
2-0: Ball
3-0: Base on Balls
Batting: RHB Roy Herring 0-0: Sac Bunt - play at first, batter OUT! 1-3
Ernesto Souza to second
Batting: RHB Paul Penrice 0-0: Called Strike
0-1: Ball
1-1: Ball
2-1: Ball
3-1: Called Strike
3-2: Foul Ball, location: 2F
3-2: Foul Ball, location: 2F
3-2: Foul Ball, location: 2F
3-2: Base on Balls
Batting: LHB Micheal Garren 0-0: Ball
1-0: Foul Ball, location: 2F
1-1: Fly out, F5 (Flyball, 56D)
Batting: RHB Jeff Green 0-0: Called Strike
0-1: Ball
1-1: Ball
2-1: Called Strike
2-2: Strikes out looking
Top of the 6th over - 0 runs, 0 hits, 0 errors, 2 left on base; Gryfindor 0 - Royse City 1
BOTTOM OF THE 6TH
Royse City Targaryens batting - Pitching for Gryfindor Braves : RHP Juan Contreras
Batting: LHB Gonzalo Álvarez 0-0: Ground out 6-3 (Groundball, 6S)
Batting: RHB Fokke Willemsen 0-0: Ball
1-0: Ball
2-0: Ground out 4-3 (Groundball, 4)
Batting: LHB Terrence Eler 0-0: Foul Ball, location: 2F
0-1: Fly out, F8 (Flyball, 8LM)
Bottom of the 6th over - 0 runs, 0 hits, 0 errors, 0 left on base; Gryfindor 0 - Royse City 1
TOP OF THE 7TH
Gryfindor Braves batting - Pitching for Royse City Targaryens : LHP Stanford McCain
Batting: RHB Raúl Reyna 0-0: SOLO HOME RUN (Flyball, 7LD), Distance : 351 ft
Batting: RHB Rafael Durango 0-0: Ball
1-0: Foul Ball, location: 2F
1-1: Ground out 6-3 (Groundball, 6M)
Batting: LHB Ignacio Medine 0-0: Called Strike
0-1: Ball
1-1: Foul Ball, location: 2F
1-2: Foul Ball, location: 2F
1-2: Strikes out swinging
Pinch Hitting: SHB Emílio Gonzáles 0-0: Ball
1-0: Ball
2-0: Ball
3-0: Base on Balls
Batting: RHB Ernesto Souza 0-0: Foul Ball, location: 2F
0-1: Ball
1-1: Ball
2-1: Ball
3-1: Called Strike
3-2: Reached on error, E5 (Groundball, 5)
Emílio Gonzáles to third
Pitching: RHP Harry Mander
Batting: RHB Roy Herring 0-0: Fly out, F8 (Flyball, 8RD)
Top of the 7th over - 1 run, 1 hit, 1 error, 2 left on base; Gryfindor 1 - Royse City 1
BOTTOM OF THE 7TH
Royse City Targaryens batting - Pitching for Gryfindor Braves : RHP Juan Contreras
Now at 2B: Emílio Gonzáles
Pinch Hitting: LHB José Vargas 0-0: Ball
1-0: Swinging Strike
1-1: Swinging Strike
1-2: Ball
2-2: Foul Ball, location: 2F
2-2: Ball
3-2: Strikes out swinging
Batting: SHB Corey Neace 0-0: Ball
1-0: SINGLE (Groundball, 6M) (infield hit)
Batting: RHB Diego Bonilla 0-0: Ball
1-0: Ball
Corey Neace steals 2nd base
2-0: Intentional Walk
Pinch Hitting: RHB Javier Chávez 0-0: Ball
1-0: Ball
2-0: Fly out, F8 (Flyball, 8RS)
Batting: LHB Jeff Lawson 0-0: Foul Ball, location: 2F
0-1: Hit by Pitch
Corey Neace to third
Diego Bonilla to second
Batting: LHB Ashley Thachi 0-0: SINGLE (Line Drive, 89S)
Corey Neace scores
Diego Bonilla to third
Jeff Lawson to second
Runner from 3rd tries for Home, SAFE, no throw
Batting: LHB Gonzalo Álvarez 0-0: Foul Ball, location: 2F
0-1: Ball
1-1: Fly out, F9 (Line Drive, 9D)
Bottom of the 7th over - 2 runs, 2 hits, 0 errors, 2 left on base; Gryfindor 1 - Royse City 3
TOP OF THE 8TH
Gryfindor Braves batting - Pitching for Royse City Targaryens : RHP Harry Mander
Now at 3B: Javier Chávez
Now in RF: José Vargas
Batting: RHB Paul Penrice 0-0: Foul Ball, location: 2F
0-1: Ball
1-1: Ball
2-1: Fly out, F7 (Flyball, 7)
Batting: LHB Micheal Garren 0-0: Ball
1-0: Called Strike
1-1: Called Strike
1-2: Ball
2-2: Ball
3-2: Base on Balls
Batting: RHB Jeff Green 0-0: Swinging Strike
0-1: Swinging Strike
0-2: Ball
1-2: Strikes out swinging
Batting: RHB Raúl Reyna 0-0: SINGLE (Flyball, 9LS)
Micheal Garren to second
Runner from 2nd tries for 3rd, SAFE, no throw
Batting: RHB Rafael Durango 0-0: Swinging Strike
0-1: Ground out 5-3 (Groundball, 56D)
Top of the 8th over - 0 runs, 1 hit, 0 errors, 2 left on base; Gryfindor 1 - Royse City 3
BOTTOM OF THE 8TH
Royse City Targaryens batting - Pitching for Gryfindor Braves : RHP Juan Contreras
Batting: RHB Fokke Willemsen 0-0: Ground out 6-3 (Groundball, 6)
Batting: LHB Terrence Eler 0-0: Swinging Strike
0-1: Foul Ball, location: 2F
0-2: Ground out 4-3 (Groundball, 4M)
Batting: LHB José Vargas 0-0: Ball
1-0: Ball
2-0: Foul Ball, location: 2F
2-1: Ball
3-1: Base on Balls
Batting: SHB Corey Neace 0-0: Ball
1-0: Ball
2-0: Foul Ball, location: 2F
2-1: Foul Ball, location: 2F
2-2: Fly out, F7 (Flyball, 7)
Bottom of the 8th over - 0 runs, 0 hits, 0 errors, 1 left on base; Gryfindor 1 - Royse City 3
TOP OF THE 9TH
Gryfindor Braves batting - Pitching for Royse City Targaryens : RHP Harry Mander
Batting: LHB Ignacio Medine 0-0: Ball
1-0: SINGLE (Flyball, 9S)
Batting: SHB Emílio Gonzáles 0-0: Ball
1-0: Fly out, F8 (Flyball, 8LD)
Batting: RHB Ernesto Souza 0-0: Fly out, F7 (Flyball, 7S)
Batting: RHB Roy Herring 0-0: Ball
1-0: Foul Ball, location: 2F
1-1: DOUBLE (Groundball, 5L)
Ignacio Medine to third
Batting: RHB Paul Penrice 0-0: Ball
1-0: Called Strike
1-1: Ball
2-1: Swinging Strike
2-2: Ball
3-2: Foul Ball, location: 2F
3-2: Strikes out swinging
Top of the 9th over - 0 runs, 2 hits, 0 errors, 2 left on base; Gryfindor 1 - Royse City 3
Tuesday, December 19th, 2017 - OOTP Baseball 18.8 Build 76